 Dungeon Crawl Stone Soup version 0.22.0-18-ge075c0de6d (webtiles) character file.

2227 Crag the Magician (level 9, -1/69 HPs)
             Began as a Gnoll Warper on Aug 19, 2018.
             Was an Initiate of Cheibriados.
             Impaled on a porcupine's spines (14 damage)
             ... on level 8 of the Dungeon.
             The game lasted 00:30:31 (8441 turns).

Crag the Magician (Gnoll Warper)                    Turns: 8441, Time: 00:30:32

Health: -1/69      AC:  5    Str: 17    XL:     9   Next: 36%
Magic:  16/18      EV: 16    Int: 20    God:    Cheibriados [......]
Gold:   341        SH:  0    Dex: 17    Spells: 15/21 levels left

rFire    . . .     SeeInvis .   o - +2 spear (pierce)
rCold    + . .     Gourm    .   (no shield)
rNeg     . . .     Faith    .   B - +2 robe {MR+}
rPois    .         Spirit   .   (no helmet)
rElec    .         Reflect  .   r - +0 cloak
rCorr    .         Harm     .   (no gloves)
MR       +....                  (no boots)
Stlth    +++.......             (no amulet)
HPRegen  0.21/turn              u - ring of protection from cold
MPRegen  0.16/turn              E - +4 ring of intelligence

@: very slow
A: distributed training, fangs 1, strong nose
a: Bend Time, Renounce Religion


You were on level 8 of the Dungeon.
You worshipped Cheibriados.
Cheibriados was noncommittal.
You were not hungry.

You visited 2 branches of the dungeon, and saw 9 of its levels.

You collected 341 gold pieces.

Inventory:

Hand Weapons
 a - a +0 spear
 o - a +2 spear of piercing (weapon)
 s - a +0 hunting sling
 v - a +0 blowgun
Missiles
 d - 44 sling bullets
 e - 4 tomahawks of dispersal (quivered)
 g - 86 arrows
 j - 160 stones
 l - 45 poisoned needles
 t - 41 bolts
 y - 2 needles of paralysis
Armour
 b - a +0 leather armour
 r - a +0 cloak (worn)
 B - a +2 robe of magic resistance (worn)
Magical Staves
 C - an uncursed staff of death {unknown}
Jewellery
 q - an uncursed ring of wizardry
 u - a ring of protection from cold (left hand)
 x - an uncursed ring of resist corrosion
 E - a +4 ring of intelligence (right hand)
Wands
 w - a wand of clouds (2)
Scrolls
 c - a scroll of fog
 h - 2 scrolls of fear
 i - 7 scrolls of identify
 D - a scroll of magic mapping
Potions
 p - 2 potions of resistance
 A - a potion of flight
Comestibles
 f - 6 rations


   Skills:
 + Level 6.2 Fighting
 + Level 4.1 Short Blades
 + Level 4.1 Long Blades
 + Level 4.1 Axes
 + Level 4.1 Maces & Flails
 + Level 6.2 Polearms
 + Level 4.1 Staves
 + Level 4.1 Slings
 + Level 4.1 Bows
 + Level 4.1 Crossbows
 + Level 4.9 Throwing
 + Level 4.9 Armour
 + Level 6.2 Dodging
 + Level 4.1 Stealth
 + Level 4.1 Shields
 + Level 4.1 Unarmed Combat
 + Level 6.5 Spellcasting
 + Level 3.3 Conjurations
 + Level 3.3 Hexes
 + Level 3.3 Charms
 + Level 3.3 Summonings
 + Level 3.3 Necromancy
 + Level 6.5 Translocations
 + Level 3.3 Transmutations
 + Level 3.3 Fire Magic
 + Level 3.3 Ice Magic
 + Level 3.3 Air Magic
 + Level 3.3 Earth Magic
 + Level 3.3 Poison Magic
 + Level 4.5 Invocations
 + Level 4.1 Evocations


You had 15 spell levels left.
You knew the following spells:

 Your Spells              Type           Power        Failure   Level  Hunger
a - Gell's Gravitas       Tloc           ####......   1%          3    #......
b - Lesser Beckoning      Tloc           ####......   1%          3    #......

Your spell library contained the following spells:

 Spells                   Type           Power        Failure   Level  Hunger
 Blink                    Tloc           N/A          1%          2    None
 Shroud of Golubria       Chrm/Tloc      ####......   1%          2    None
 Teleport Other           Tloc           ####....     1%          3    #......
 Passage of Golubria      Tloc           N/A          7%          4    ###....


Dungeon Overview and Level Annotations

Branches:
Dungeon (8/15)             Temple (1/1) D:7
   Lair: D:8-11

Altars:
Ashenzari
Cheibriados
Elyvilon
Fedhas
Hepliaklqana
Makhleb
Nemelex Xobeh
Okawaru
Qazlal
Ru
Sif Muna
Trog
Uskayaw
Wu Jian
Xom
The Shining One

Annotations:
D:7 Harold


Innate Abilities, Weirdness & Mutations

Your experience applies equally to all skills.
You have very sharp teeth.
Your uncanny sense of smell can sniff out nearby items.


Message History

Attack whom?
Press: ? - help, Dir - move target cursor, f/p - porcupine
Aim: a porcupine (moderately wounded)
You reach to attack!
You hit the porcupine.
The porcupine is heavily wounded.
Attack whom?
Press: ? - help, Dir - move target cursor, f/p - porcupine
Aim: a porcupine (heavily wounded)
You reach to attack!
You hit the porcupine.
The porcupine is almost dead.
You closely miss the porcupine.
The porcupine is almost dead.
The porcupine completely misses you.
You are struck by the porcupine's spines.
* * * LOW HITPOINT WARNING * * *
You hit the porcupine but do no damage.
The porcupine is almost dead.
The porcupine closely misses you.
You are struck by the porcupine's spines.
You die...

####..####.
##......(....
#............
#..#....###..
#.####.## ..
###.# #...##..
..#.###._.... #
#.#...r...#..$#
#.#).@..###...#
#.####..###...#
#.# #........#
##<#####.......#
#......).......#
#..##########..#
#..# .# #..#
#..#


You could see a porcupine.

Vanquished Creatures
  Edmund (D:4)
  2 sky beasts (D:5)
  A black bear (D:8)
  2 ice beasts (D:5)
  4 ogres
  A centaur (D:6)
  A crocodile (D:8)
  Blork the orc (D:5)
  A big kobold (D:7)
  A bullfrog (D:8)
  A water moccasin zombie (D:5)
  A scorpion (D:6)
  2 howler monkeys
  2 crimson imps
  A bullfrog zombie (D:5)
  A quasit (D:5)
  2 orc priests
  3 hounds
  A centaur skeleton (D:7)
  A jelly (D:5)
  4 orc wizards
  Ijyb (D:3)
  An iguana (D:7)
  Terence (D:2)
  3 worker ants
  7 adders
  A shadow imp (D:5)
  2 oozes
  3 adder skeletons
  An adder zombie (D:3)
  3 worms
  2 leopard geckos (D:5)
  18 orcs
  4 bats
  4 giant cockroaches
  5 goblins
  5 hobgoblins
  2 jackals (D:3)
  A quokka (D:5)
  2 frilled lizards
  8 kobolds
  A leopard gecko zombie (D:8)
  A quokka skeleton (D:7)
  7 rats
117 creatures vanquished.

Vanquished Creatures (others)
  An orc wizard (D:3)
  20 fungi (D:8)
21 creatures vanquished.

Grand Total: 138 creatures vanquished

Notes
Turn   | Place    | Note
-------+----------+-------------------------------------------
     0 | D:1      | Crag the Gnoll Warper began the quest for the Orb.
     0 | D:1      | Reached XP level 1. HP: 20/20 MP: 6/6
   275 | D:1      | Reached XP level 2. HP: 22/26 MP: 7/7
  1087 | D:2      | Reached XP level 3. HP: 18/31 MP: 9/9
  1214 | D:2      | Reached skill level 5 in Spellcasting
  1229 | D:2      | Learned a level 3 spell: Gell's Gravitas
  1233 | D:2      | Learned a level 3 spell: Lesser Beckoning
  1244 | D:2      | Found an iron altar of Okawaru.
  1248 | D:2      | Noticed Terence
  1265 | D:2      | Killed Terence
  1265 | D:2      | Reached skill level 1 in Invocations
  1269 | D:2      | Reached skill level 1 in Short Blades
  1269 | D:2      | Reached skill level 1 in Long Blades
  1269 | D:2      | Reached skill level 1 in Axes
  1269 | D:2      | Reached skill level 1 in Maces & Flails
  1269 | D:2      | Reached skill level 1 in Staves
  1269 | D:2      | Reached skill level 1 in Slings
  1269 | D:2      | Reached skill level 1 in Bows
  1269 | D:2      | Reached skill level 1 in Crossbows
  1269 | D:2      | Reached skill level 1 in Stealth
  1269 | D:2      | Reached skill level 1 in Shields
  1269 | D:2      | Reached skill level 1 in Unarmed Combat
  1269 | D:2      | Reached skill level 1 in Evocations
  1296 | D:2      | Noticed an ice beast
  1355 | D:2      | Reached XP level 4. HP: 38/38 MP: 11/11
  1866 | D:3      | Reached skill level 1 in Conjurations
  1866 | D:3      | Reached skill level 1 in Hexes
  1866 | D:3      | Reached skill level 1 in Charms
  1866 | D:3      | Reached skill level 1 in Summonings
  1866 | D:3      | Reached skill level 1 in Necromancy
  1866 | D:3      | Reached skill level 1 in Transmutations
  1866 | D:3      | Reached skill level 1 in Fire Magic
  1866 | D:3      | Reached skill level 1 in Ice Magic
  1866 | D:3      | Reached skill level 1 in Air Magic
  1866 | D:3      | Reached skill level 1 in Earth Magic
  1866 | D:3      | Reached skill level 1 in Poison Magic
  2089 | D:3      | Noticed Ijyb
  2108 | D:3      | Killed Ijyb
  2108 | D:3      | Reached XP level 5. HP: 37/43 MP: 12/12
  2485 | D:3      | Found a stormy altar of Qazlal.
  2919 | D:4      | Found a burning altar of Makhleb.
  3110 | D:4      | Noticed an ogre
  3188 | D:4      | Reached XP level 6. HP: 45/50 MP: 6/13
  3209 | D:4      | Noticed Edmund
  3677 | D:4      | Killed Edmund
  3677 | D:4      | Reached skill level 5 in Fighting
  3677 | D:4      | Reached skill level 5 in Polearms
  3677 | D:4      | Reached skill level 5 in Dodging
  3975 | D:4      | Found a deep blue altar of Sif Muna.
  3989 | D:4      | Reached XP level 7. HP: 56/56 MP: 15/15
  4877 | D:5      | Entered Level 5 of the Dungeon
  5002 | D:5      | Found a sparkling altar of Nemelex Xobeh.
  5174 | D:5      | Reached XP level 8. HP: 49/63 MP: 16/16
  5511 | D:5      | Noticed Blork the orc
  6023 | D:5      | Killed Blork the orc
  6235 | D:5      | HP: 3/64 [poisoned by an orc wizard]
  6243 | D:5      | HP: 3/64 [poisoned by an orc wizard]
  7362 | D:6      | Reached XP level 9. HP: 56/69 MP: 18/18
  7369 | D:6      | Noticed a moth of wrath
  7446 | D:7      | Found a staircase to the Ecumenical Temple.
  7494 | Temple   | Entered the Ecumenical Temple
  7554 | Temple   | Became a worshipper of Cheibriados the Contemplative
  7571 | D:7      | Noticed a hand axe
  7571 | D:7      | Noticed a hand axe
  7573 | D:7      | Found a hide-covered altar of Uskayaw.
  7681 | D:7      | Found a shattered altar of Ashenzari.
  7866 | D:7      | Noticed Harold
  8084 | D:8      | Found a bloodstained altar of Trog.
  8441 | D:8      | Impaled on a porcupine's spines

Skill      XL: |  1  2  3  4  5  6  7  8  9 |
---------------+----------------------------+-----
Spellcasting   | 5 6 |  6.5
Invocations    | 1 2 3 4 |  4.5
Short Blades   | 1 2 3 4 |  4.1
Long Blades    | 1 2 3 4 |  4.1
Axes           | 1 2 3 4 |  4.1
Maces & Flails | 1 2 3 4 |  4.1
Staves         | 1 2 3 4 |  4.1
Slings         | 1 2 3 4 |  4.1
Bows           | 1 2 3 4 |  4.1
Crossbows      | 1 2 3 4 |  4.1
Stealth        | 1 2 3 4 |  4.1
Shields        | 1 2 3 4 |  4.1
Unarmed Combat | 1 2 3 4 |  4.1
Evocations     | 1 2 3 4 |  4.1
Conjurations   | 1 2 3 |  3.3
Hexes          | 1 2 3 |  3.3
Charms         | 1 2 3 |  3.3
Summonings     | 1 2 3 |  3.3
Necromancy     | 1 2 3 |  3.3
Transmutations | 1 2 3 |  3.3
Fire Magic     | 1 2 3 |  3.3
Ice Magic      | 1 2 3 |  3.3
Air Magic      | 1 2 3 |  3.3
Earth Magic    | 1 2 3 |  3.3
Poison Magic   | 1 2 3 |  3.3
Throwing       | 3 4 |  4.9
Armour         | 3 4 |  4.9
Fighting       | 5 6 |  6.2
Polearms       | 5 6 |  6.2
Dodging        | 5 6 |  6.2
Translocations | 6 |  6.5

Action                   |  1- 3 |  4- 6 |  7- 9 || total
-------------------------+-------+-------+-------++-------
Melee: Spear             |    80 |   196 |   343 ||   619
       Bite              |     3 |    27 |    37 ||    67
       Punch             |       |     2 |     6 ||     8
Throw: Javelin           |       |     2 |    12 ||    14
       Tomahawk          |       |       |     1 ||     1
 Cast: Gell's Gravitas   |       |     7 |     4 ||    11
       Lesser Beckoning  |       |       |     2 ||     2
  Use: Scroll            |     4 |     2 |     5 ||    11
       Potion            |     3 |     3 |     7 ||    13
 Stab: Distracted        |       |     1 |     1 ||     2
       Sleeping          |       |     4 |     1 ||     5
  Eat: Chunk             |     1 |     5 |     6 ||    12
       Ration            |       |     1 |     3 ||     4
Armor: Leather armour    |    13 |    14 |       ||    27
       Robe              |       |     4 |    41 ||    45
Dodge: Dodged            |    47 |    89 |   184 ||   320
